 Dungeon Crawl Stone Soup version 0.18-a0-1121-gb454403 (webtiles) character file.

885 tof the Skirmisher (level 7, 0/67 HPs)
             Began as a Minotaur Fighter on Jan 18, 2016.
             Killed from afar by an orc wizard (4 damage)
             ... with a puff of flame
             ... on level 4 of the Dungeon.
             The game lasted 00:08:26 (3199 turns).

tof the Skirmisher (Minotaur Fighter)               Turns: 3199, Time: 00:08:26

Health: 0/67       AC:  7    Str: 26    XL:     7   Next: 76%
Magic:  6/6        EV:  8    Int:  5    God:
Gold:   174        SH: 10    Dex: 11    Spells: 0 memorised, 6 levels left

rFire  . . .     SeeInvis .     y - +0 whip (flame)
rCold  . . .     Gourm    .     n - +0 ring mail
rNeg   . . .     Faith    .     c - +0 shield
rPois  .         Spirit   .     (helmet restricted)
rElec  .         Dismiss  +     (no cloak)
rCorr  .         Reflect  .     (no gloves)
SustAt .         Harm     .     w - +0 pair of boots
MR     .....                    q - amulet of dismissal
Stlth  +.........               (no ring)
                                (no ring)

@: mighty, lethally poisoned (0 -> -8), flying, not resistant to hostile
enchantments, very unstealthy
A: retaliatory headbutt, horns 2
a: no special abilities


You were on level 4 of the Dungeon.
You were not hungry.

You visited 1 branch of the dungeon, and saw 4 of its levels.

You collected 174 gold pieces.

Inventory:

Hand Weapons
 a - a +0 flail
 y - a +0 whip of flaming (weapon)
Armour
 c - a +0 shield (worn)
 n - a +0 ring mail (worn)
 w - a +0 pair of boots (worn)
Jewellery
 q - an amulet of dismissal (around neck)
Scrolls
 e - a scroll of blinking {unknown}
 g - a scroll of recharging {unknown}
 k - 2 scrolls of amnesia {unknown}
 l - a scroll of magic mapping {unknown}
 m - 6 scrolls of identify {unknown}
 o - a scroll of remove curse {unknown}
 s - a scroll of fear {unknown}
 u - a scroll of enchant armour {unknown}
Potions
 b - a potion of mutation {unknown}
 d - 3 potions of might
 h - a potion of cancellation {unknown}
 i - a potion of brilliance {unknown}
 p - a potion of flight
 x - a potion of berserk rage {unknown}
Comestibles
 f - 4 bread rations
 j - 3 beef jerkies
 r - 2 meat rations
 t - 3 chunks of flesh


   Skills:
 * Level 7.7 Fighting
 * Level 6.8 Maces & Flails
 + Level 6.0 Armour
 - Level 3.9 Shields


You had 6 spell levels left.
You didn't know any spells.

Dungeon Overview and Level Annotations

Branches:
Dungeon (4/15)
 Temple: D:4-7

Altars:
Ashenzari
Vehumet
Zin

Annotations:
D:3 Azzok's ghost, amateur DECj


Innate Abilities, Weirdness & Mutations

You reflexively headbutt those who attack you in melee.
You have a pair of horns on your head.


Message History

It was a potion of poison.
That liquid tasted very nasty...
You are lethally poisoned!
You feel less confused.
* * * LOW HITPOINT WARNING * * *
You feel sick. You block the orc's attack. You block the freed slave's attack.
Something hits you but does no damage.
Drink which item? (? for menu, Esc to quit)
It was a potion of flight.
You feel very buoyant.
You fly up into the air.
* * * LOW HITPOINT WARNING * * *
You feel sick. The orc closely misses you. You furiously retaliate!
You headbutt the orc!!
You kill the orc!
You block the orc's attack. The freed slave barely misses you.
You hear some strange, mumbled words.
A puff of flame appears from out of thin air!
The puff of flame hits you!
You die...

#.#.# #...# #.#.#
#.#.########### ###
#.#.##......... ..#
....###.#########.###
.....p....[...p.....#
#.#####.###)#####p#.####.
.....p........p.@o.......
#.#####.###.....{)##.###.
#.# #.###.####.)...###
..#####.#........).....#
........########.)..#..#
......... .........#
######### .........#.#
###### #.###....## ..
...... .. ###### .


You could see a freed slave, an orc and a neutral freed slave (wandering).

Vanquished Creatures
  Pikel (D:4)
  A centaur zombie (D:4)
  2 hounds (D:4)
  2 orc priests (D:4)
  2 orc wizards (D:4)
  An iguana (D:4)
  A worker ant (D:4)
  5 adders
  An ooze (D:3)
  A worm (D:3)
  An adder skeleton (D:4)
  6 giant geckos
  11 orcs
  12 bats
  5 giant cockroaches
  7 goblins
  10 hobgoblins
  8 jackals
  3 quokkas (D:2)
  A ball python (D:3)
  14 giant newts
  10 kobolds
  4 rats
109 creatures vanquished.

Vanquished Creatures (others)
  An orc (D:4)
1 creature vanquished.

Grand Total: 110 creatures vanquished

Notes
Turn   | Place    | Note
--------------------------------------------------------------
     0 | D:1      | tof the Minotaur Fighter began the quest for the Orb.
     0 | D:1      | Reached XP level 1. HP: 19/19 MP: 0/0
    81 | D:1      | Reached XP level 2. HP: 27/27 MP: 1/1
    84 | D:1      | Reached skill level 4 in Fighting
   185 | D:1      | Reached XP level 3. HP: 24/34 MP: 2/2
   844 | D:2      | Found a glowing silver altar of Zin.
   899 | D:2      | Reached XP level 4. HP: 36/41 MP: 3/3
  1332 | D:2      | Reached skill level 5 in Fighting
  1408 | D:2      | Found a radiant altar of Vehumet.
  1794 | D:3      | Reached XP level 5. HP: 48/48 MP: 4/4
  1821 | D:3      | Found a shattered altar of Ashenzari.
  1941 | D:3      | Noticed Azzok's ghost (amateur DECj)
  2996 | D:4      | Reached skill level 6 in Fighting
  2996 | D:4      | Reached XP level 6. HP: 46/57 MP: 5/5
  2998 | D:4      | Reached skill level 5 in Armour
  3111 | D:4      | Reached skill level 5 in Maces & Flails
  3139 | D:4      | Noticed Pikel
  3139 | D:4      | Noticed a slave
  3139 | D:4      | Noticed a slave
  3140 | D:4      | Noticed a slave
  3143 | D:4      | Noticed a slave
  3150 | D:4      | Killed Pikel
  3150 | D:4      | Reached skill level 7 in Fighting
  3150 | D:4      | Reached XP level 7. HP: 51/66 MP: 6/6
  3199 | D:4      | Killed from afar by an orc wizard

Vault maps used:
D:1:      tarquinn_simple_flora_water_a, st_stairs_12, minmay_misc_feat_columns,
          minmay_lizard_king
D:2:      fiery_altar_vehumet, zin_academy, minmay_quantized
D:3:      old_standard_altar, first_bread
D:4:      amethyst_overflow_temple_binary, minivault_27, uniq_pikel

Action                   |  1- 3 |  4- 6 |  7- 9 || total
-------------------------+-------+-------+-------++-------
Melee: Flail             |   126 |   141 |       ||   267
       Whip              |       |       |    23 ||    23
  Use: Potion            |       |       |     3 ||     3
  Eat: Chunk             |       |     8 |       ||     8
